 Dungeon Crawl Stone Soup version 0.20-a0-550-gf70bbbc (webtiles) character file.

576 Krakonus1 the Cudgeler (level 7, -3/74 HPs)
             Began as an Ogre Berserker on Feb 2, 2017.
             Was a Priest of Trog.
             Slain by a sky beast (4 damage)
             ... on level 7 of the Dungeon.
             The game lasted 00:19:35 (3235 turns).

Krakonus1 the Cudgeler (Ogre Berserker)             Turns: 3235, Time: 00:19:36

Health: -3/74      AC:  6    Str: 29    XL:     7   Next: 35%
Magic:  7/7        EV: 16    Int:  8    God:    Trog [***...]
Gold:   262        SH:  0    Dex: 13    Spells: 6/6 levels left

rFire    . . .     SeeInvis .   a - +0 mace
rCold    . . .     Gourm    .   d - +2 robe {MR+}
rNeg     . . .     Faith    .   (no shield)
rPois    .         Spirit   .   (helmet restricted)
rElec    .         Reflect  .   l - +0 cloak
rCorr    .         Harm     .   (gloves unavailable)
MR       +....                  (boots unavailable)
Stlth    ++........             (no amulet)
Regen    0.3/turn               (no ring)
                                (no ring)

@: mighty, agile, exhausted, very slightly contaminated, hasted and slowed
A: unfitting armour, tough skin 1
a: Berserk, Trog's Hand, Burn Spellbooks, Renounce Religion


You were on level 7 of the Dungeon.
You worshipped Trog.
Trog was most pleased with you.
You were near starving.

You visited 1 branch of the dungeon, and saw 5 of its levels.

You collected 262 gold pieces.

Inventory:

Hand Weapons
 a - a +0 mace (weapon)
 e - a +0 club
 f - a +0 blowgun
 t - a +0 flail
 u - a +0 whip
Missiles
 g - 138 stones
 k - 76 arrows
 o - 9 poisoned tomahawks (quivered)
 r - 7 curare-tipped needles
 x - 3 exploding tomahawks
Armour
 b - a +2 animal skin
 d - a +2 robe of magic resistance (worn)
 l - a +0 cloak (worn)
 n - a +1 robe of fire resistance
 y - a +2 robe of positive energy
Scrolls
 p - 3 scrolls of blinking
 q - 3 scrolls of immolation
 s - a scroll of identify
Comestibles
 c - 4 bread rations
 i - 7 fruits
 j - 2 meat rations
 v - 2 royal jellies


   Skills:
 + Level 5.7 Fighting
 * Level 6.2 Maces & Flails
 + Level 0.4 Throwing
 + Level 3.9 Dodging
 + Level 0.2 Stealth


You had 6 spell levels left.
You didn't know any spells.

Dungeon Overview and Level Annotations

Branches:
Dungeon (4/15)
 Temple: D:4-7

Altars:
Ashenzari
Fedhas
Gozag
Hepliaklqana
Trog
The Shining One

Shops:
D:4 (


Innate Abilities, Weirdness & Mutations

You are too large for most types of armour.
You have tough skin. (AC +1)


Message History

The sky beast hits you but does no damage.
You barely miss the sky beast.
The sky beast is severely wounded.
The sky beast hits you.
* * * LOW HITPOINT WARNING * * *
The sky beast shocks you.
* * * LOW HITPOINT WARNING * * *
The sky beast flickers out of sight!
Deactivating autopickup; reactivate with Ctrl-A.
Something hits you but does no damage.
It was a potion of haste.
You feel yourself speed up. Something hits you.
* * * LOW HITPOINT WARNING * * *
Something shocks you.
* * * LOW HITPOINT WARNING * * *
You are very lightly contaminated with residual magic.
It was a potion of agility.
You feel agile all of a sudden. Something hits you but does no damage.
You closely miss something. Something hits you.
You die...

#####
[######{..#
.......@#
#######...#
##.## ..
..# ..# ...
....


There were no monsters in sight!

Vanquished Creatures
  Duvessa (D:4)
  Dowan (D:4)
  A howler monkey (D:4)
  A bullfrog zombie (D:4)
  4 orc priests
  A hound (D:4)
  2 orc wizards
  A worker ant (D:4)
  4 adders
  7 dart slugs
  4 leopard geckos
  6 orcs
  3 giant cockroaches
  8 goblins
  7 hobgoblins
  2 ball pythons
  6 bats
  4 frilled lizards
  8 kobolds
  6 rats
77 creatures vanquished.

Notes
Turn   | Place    | Note
-------+----------+-------------------------------------------
     0 | D:1      | Krakonus1 the Ogre Berserker began the quest for the Orb.
     0 | D:1      | Reached XP level 1. HP: 24/24 MP: 1/1
    80 | D:1      | Reached XP level 2. HP: 15/32 MP: 2/2
    99 | D:1      | Reached skill level 3 in Maces & Flails
   393 | D:1      | Reached XP level 3. HP: 39/40 MP: 3/3
   626 | D:1      | Reached ** piety under Trog
  1024 | D:2      | Reached XP level 4. HP: 46/49 MP: 4/4
  1163 | D:2      | Found a glowing golden altar of the Shining One.
  1227 | D:2      | Found a bloodstained altar of Trog.
  1539 | D:3      | Reached skill level 4 in Maces & Flails
  1546 | D:3      | Reached XP level 5. HP: 34/55 MP: 5/5
  1634 | D:3      | Found an opulent altar of Gozag.
  1736 | D:3      | Found a hazy altar of Hepliaklqana.
  2204 | D:3      | Reached skill level 5 in Fighting
  2321 | D:3      | Reached XP level 6. HP: 61/66 MP: 6/6
  2362 | D:4      | Found a shattered altar of Ashenzari.
  2362 | D:4      | Found a blossoming altar of Fedhas.
  2368 | D:4      | Noticed Dowan
  2372 | D:4      | Noticed Duvessa
  2378 | D:4      | Killed Dowan
  2378 | D:4      | Reached skill level 5 in Maces & Flails
  2400 | D:4      | Killed Duvessa
  2420 | D:4      | Found Fuheutt's Antique Weapon Shop.
  2688 | D:4      | Reached XP level 7. HP: 72/72 MP: 7/7
  2825 | D:4      | Reached *** piety under Trog
  2897 | D:4      | Reached skill level 6 in Maces & Flails
  3204 | D:4      | You fall through a shaft for 3 floors!
  3233 | D:7      | HP: 1/74 [something (5)]
  3235 | D:7      | Slain by a sky beast

Vault maps used:
D:1:      dpeg_arrival_tiny_a, hangedman_abyss_or_decor_stabs,
          lemuel_old_faithful
D:2:      nicolae_overflow_crystal_walls, lemuel_doored_altar,
          minmay_misc_feat_rows
D:3:      old_standard_altar, marbit_many_paths, first_bread
D:4:      chequers_temple_overflow_statue_of_worship, serial_shops,
          nicolae_shop_waterfront, uniq_duvessa
D:7:      old_standard_altar, kennysheep_little_box, minmay_temple_entry_statues

Skill      XL: |  1  2  3  4  5  6  7 |
---------------+----------------------+-----
Maces & Flails | 3 4 5 6 |  6.2
Dodging        | 3 |  3.9
Fighting       | 5 |  5.7
Throwing       | |  0.4
Stealth        | |  0.2

Action                   |  1- 3 |  4- 6 |  7- 9 || total
-------------------------+-------+-------+-------++-------
Melee: Mace              |   113 |   128 |    88 ||   329
Throw: Tomahawk          |       |     5 |       ||     5
Invok: Berserk           |     1 |     3 |     1 ||     5
       Burn Spellbooks   |       |       |     1 ||     1
  Use: Scroll            |     6 |     7 |     1 ||    14
       Potion            |       |     3 |     3 ||     6
 Stab: Sleeping          |     1 |       |       ||     1
  Eat: Chunk             |     2 |     5 |     2 ||     9
       Royal jelly       |       |     1 |       ||     1
Armor: Animal skin       |    61 |    43 |       ||   104
       Robe              |       |     2 |    30 ||    32
Dodge: Dodged            |    81 |    53 |    44 ||   178
